 Dungeon Crawl Stone Soup version 0.32-a0-40-g2adb59ae06 (webtiles) character file.

Game seed: 8530328596788372017

20645 senseless the Fighter (level 12, -8/97 HPs)
             Began as a Demonspawn Shapeshifter on Jan 24, 2024.
             Was a Believer of Makhleb.
             Mangled by Fannar
             ... wielding a staff of cold
              (17 damage)
             ... on level 2 of the Lair of Beasts.
             The game lasted 00:47:26 (14239 turns).

senseless the Fighter (Demonspawn Shapeshifter)    Turns: 14239, Time: 00:47:27

Health: -8/97      AC: 10    Str: 15    XL:     12   Next: 47%
Magic:  13/13      EV: 19    Int: 11    God:    Makhleb [**....]
Gold:   840        SH:  5    Dex: 17    Spells: 11/11 levels left

rFire   . .          .
                       - Unarmed
rCold   . . .        (no shield)
rNeg    . . .        R - +0 acid dragon scales
rPois   .            (helmet currently unavailable)
rElec   .            (cloak currently unavailable)
rCorr   +            (gloves unavailable)
SInv    .            (boots currently unavailable)
Will    .....        i - amulet of reflection
Stlth   +            n - +4 ring of protection
HPRegen 0.36/turn    S - +4 ring of slaying
MPRegen 0.13/turn

%: reflection
@: beast-form
A: beast (slay +4), claws 3, repulsion field 2, powered by pain 1, talons 1,
agile 1, high MP 1, weak 1
a: Begin Untransformation, Renounce Religion, Minor Destruction


You were on level 2 of the Lair of Beasts.
You worshipped Makhleb.
Makhleb was pleased with you.
You were a hulking beast.
You visited 3 branches of the dungeon, and saw 16 of its levels.

You collected 840 gold pieces.

Inventory:

Hand Weapons
 a - the +2 sling of Moessoell {flame, rCorr Int-2 Dex+2}
   (You found it on level 7 of the Dungeon)

   Int-2:     It affects your intelligence (-2).
   Dex+2:     It affects your dexterity (+2).
   rCorr:     It protects you from acid and corrosion.
 j - the +5 short sword of the Wheel {speed, Fly rPois Str+2 Int+2}
   (You found it on level 11 of the Dungeon)

   Str+2:     It affects your strength (+2).
   Int+2:     It affects your intelligence (+2).
   rPois:     It protects you from poison Fly: It grants you flight.
 G - a +3 morningstar
Missiles
 k - 18 poisoned darts
 m - 24 boomerangs (quivered)
 s - 6 silver javelins
 F - 2 throwing nets
 K - 2 curare-tipped darts
Armour
 b - a +0 chain mail of fire resistance
 o - a +2 ring mail of positive energy
 t - a +2 robe of cold resistance
 w - the +0 pair of boots of Nihilism {Regen+ Int-3 Dex+2}
   (You acquired it on level 6 of the Dungeon)

   Int-3:     It affects your intelligence (-3).
   Dex+2:     It affects your dexterity (+2).
   Regen+:    It increases your rate of health regeneration.
 R - +0 acid dragon scales (worn)
 T - a +1 pair of boots of stealth
 W - a +2 plate armour of fire resistance
Jewellery
 i - an amulet of reflection (around neck)
 n - a +4 ring of protection (left claw)
 u - a ring of protection from cold
 B - a ring of positive energy
 C - a ring of positive energy
 S - a +4 ring of slaying (right claw)
 X - a ring of wizardry
 Y - a ring of willpower
Talismans
 c - a beast talisman
 d - a flux talisman
 V - a serpent talisman
Wands
 y - a wand of polymorph (17)
 z - a wand of acid (3)
 E - a wand of paralysis (37)
 M - a wand of roots (1)
 O - a wand of digging (3)
 P - a wand of flame (64)
 U - a wand of mindburst (4)
Scrolls
 l - a scroll of revelation
 p - 5 scrolls of teleportation
 r - 2 scrolls of silence
 v - 2 scrolls of blinking
 I - a scroll of vulnerability
 J - a scroll of poison
 L - 2 scrolls of amnesia
 N - a scroll of enchant weapon
 Q - a scroll of immolation
 Z - a scroll of fear
Potions
 e - a potion of curing
 f - a potion of lignification
 g - 2 potions of invisibility
 h - a potion of resistance
 q - 2 potions of mutation
 x - 5 potions of ambrosia
 A - a potion of might
 D - 2 potions of cancellation
 H - 3 potions of enlightenment


   Skills:
 + Level 10.1 Fighting
 * Level 2.0 Throwing
 - Level 3.1 Armour
 + Level 9.4 Dodging
 + Level 9.7 Unarmed Combat
 * Level 9.9 Shapeshifting


You had 11 spell levels left.
You didn't know any spells.
Your spell library contained the following spells:

 Spells                   Type           Power      Damage    Failure   Level
 Ensorcelled Hibernation  Hex/Ice        0%         N/A       58%         2
 Dazzling Flash           Conj/Hex       0%         N/A       82%         3
 Fugue of the Fallen      Necr           0%         N/A       82%         3
 Mephitic Cloud           Conj/Alch/Air  0%         N/A       82%         3
 Anguish                  Hex/Necr       0%         N/A       99%         4
 Cause Fear               Hex            0%         N/A       99%         4
 Curse of Agony           Necr           0%         N/A       100%        5
 Silence                  Hex/Air        0%         N/A       100%        5
 Enfeeble                 Hex            0%         N/A       100%        7


Dungeon Overview and Level Annotations

Branches:
Dungeon (13/15)            Temple (1/1) D:7            Lair (2/5) D:10
    Orc (0/2) D:11
  Swamp: Lair:2-3    Shoals: Lair:2-3     Snake: Lair:2-3    Spider: Lair:2-3
 Vaults: D:13-14

Altars:
Ashenzari
Cheibriados
Dithmenos
Fedhas
Gozag
Hepliaklqana
Kikubaaqudgha
Makhleb
Nemelex Xobeh
Okawaru
Qazlal
Ru
Sif Muna
Trog
Uskayaw
Vehumet
Wu Jian
Xom
Yredelemnul

Shops:
D:1 =   D:9 :   D:12 *

Annotations:
Lair:2 Fannar


Innate Abilities, Weirdness & Mutations

You are a hulking beast.
Your limbs bulge with bestial killing power. (Slay +4)
You have claws for hands.
You are surrounded by a moderate repulsion field. (EV +3)
You sometimes gain a little power by taking damage.
You have sharp toenails.
You are agile. (Dex +4, Str/Int -1)
You have an increased reservoir of magic. (+10% MP)
You are weak. (Str -2)


Message History

You claw Fannar! Your kick misses Fannar. Your claw misses Fannar.
Fannar is moderately wounded.
Fannar hits you with a staff of cold. Fannar freezes you.
The ice beast misses you.
You mangle Fannar!! You claw Fannar, but do no damage.
Fannar is heavily wounded.
You miss Fannar. Your kick misses Fannar.
Fannar is heavily wounded.
You block the ice beast's attack. Fannar misses you.
You scratch Fannar. You claw Fannar!
Fannar is severely wounded.
The ice beast misses you. Fannar hits you with a staff of cold!
Fannar freezes you.
You scratch Fannar.
Fannar is severely wounded.
The ice beast completely misses you.
Fannar casts a spell.
Fannar blinks!
The cane toad stings you!
You are poisoned.
The cane toad poisons you! The ice beast barely misses you.
You barely miss Fannar. You claw Fannar.
Fannar is severely wounded.
You feel very sick. You block the cane toad's attack.
The ice beast completely misses you. Fannar hits you but does no damage.
Fannar freezes you!
You scratch Fannar. You claw Fannar!
Fannar is almost dead.
You feel very sick. The cane toad barely misses you.
Fannar hits you but does no damage. Fannar freezes you!
* * * LOW HITPOINT WARNING * * *
The ice beast hits you.
* * * LOW HITPOINT WARNING * * *
The ice beast freezes you!
* * * LOW HITPOINT WARNING * * *
You feel better. The cane toad stings you!
* * * LOW HITPOINT WARNING * * *
Fannar hits you but does no damage. Fannar freezes you!
You die...

###.#P#....P..#
...............
...............
...............
................
................
......eF.......
.......h.......
#.##.#Y.....#.#
#..........##
#.....#....# P.###
#.....#^.†.# .....
......#....# .... #....
#....## .>.#+#
...PP.#.....###....# .
........(....##..#.##..


You could see Fannar, a cane toad and an ice beast (summoned).

Vanquished Creatures
  A two-headed ogre (D:8)
  A boulder beetle (D:11)
  Nergalle (D:11)
  Amaemon (D:9)
  Pikel (D:9)
  3 deep elf pyromancers
  An ugly thing (D:8)
  2 cyclopes
  2 manticores
  A guardian serpent (D:12)
  An orange demon (D:9)
  2 gargoyles (D:8)
  Maggie (D:8)
  A cane toad (Lair:1)
  Jeremiah (Lair:1)
  3 rime drakes
  A yaktaur (D:12)
  2 tengu conjurers (D:12)
  2 komodo dragons (D:12)
  3 trolls
  A hornet (Lair:2)
  3 blink frogs (Lair:1)
  3 vampires
  A shadow (D:12)
  13 yaks
  3 wraiths
  A wyvern (Lair:1)
  Grum (D:9)
  2 steam dragons
  4 water moccasins
  4 ice beasts (D:10)
  2 orc warriors
  4 sky beasts
  A laughing skull (D:8)
  A black bear (D:5)
  5 ogres
  6 wolves
  A phantom (D:7)
  3 kobold brigands
  4 bullfrogs
  A gnoll sergeant (D:11)
  2 scorpions
  3 wights (D:7)
  27 killer bees
  5 howler monkeys
  3 jellies
  2 hounds
  2 bombardier beetles
  8 orc priests
  Ijyb (D:5)
  4 iguanas
  12 orc wizards
  15 gnolls
  10 adders
  2 white imps
  6 ufetubi
  11 dart slugs
  45 orcs
  6 ball pythons
  7 bats
  9 endoplasms
  4 giant cockroaches
  7 goblins
  5 hobgoblins
  3 jackals (D:1)
  3 quokkas
  A frilled lizard (D:1)
  23 kobolds
  3 rats
324 creatures vanquished.

Notes
Turn   | Place    | Note
-------+----------+-------------------------------------------
     0 | D:1      | senseless the Demonspawn Shapeshifter began the quest for
                  | the Orb.
     0 | D:1      | Reached XP level 1. HP: 15/15 MP: 1/1
   205 | D:1      | Gained mutation: You sometimes gain a little power by
                  | taking damage. [demonic ancestry]
   205 | D:1      | Reached XP level 2. HP: 15/21 MP: 2/2
   603 | D:1      | Gained mutation: You have sharp fingernails. [demonic
                  | ancestry]
   603 | D:1      | Reached XP level 3. HP: 26/26 MP: 3/3
   688 | D:1      | Found Punwuat's Jewellery Boutique.
  1047 | D:2      | Reached skill level 2 in Fighting
  1047 | D:2      | Gained mutation: You are surrounded by a mild repulsion
                  | field. (EV +2) [demonic ancestry]
  1047 | D:2      | Reached XP level 4. HP: 9/33 MP: 4/4
  1608 | D:2      | Found a sparkling altar of Nemelex Xobeh.
  1677 | D:3      | Noticed a water moccasin
  1689 | D:3      | Killed a water moccasin
  1690 | D:3      | Reached XP level 5. HP: 38/39 MP: 5/5
  1923 | D:3      | Gained mutation: You have hidden genetic potential. [potion
                  | of mutation]
  1923 | D:3      | Gained mutation: You are weak. (Str -2) [potion of
                  | mutation]
  1923 | D:3      | Gained mutation: You have sharp toenails. [potion of
                  | mutation]
  2356 | D:3      | Reached skill level 3 in Fighting
  2376 | D:3      | Gained mutation: You have very sharp fingernails. [demonic
                  | ancestry]
  2376 | D:3      | Reached XP level 6. HP: 18/47 MP: 6/6
  2398 | D:3      | Gained mutation: You have an increased reservoir of magic.
                  | (+10% MP) [hidden potential]
  3033 | D:4      | Reached XP level 7. HP: 53/53 MP: 7/7
  3268 | D:4      | Gained mutation: You are agile. (Dex +4, Str/Int -1)
                  | [hidden potential]
  3268 | D:4      | Lost mutation: You have hidden genetic potential. [hidden
                  | potential expressed]
  3331 | D:5      | Entered Level 5 of the Dungeon
  3454 | D:5      | Reached skill level 4 in Fighting
  3742 | D:5      | Reached skill level 5 in Unarmed Combat
  4063 | D:5      | Reached XP level 8. HP: 61/61 MP: 8/8
  4077 | D:5      | Noticed Ijyb
  4078 | D:5      | Paralysed by Ijyb for 4 turns
  4085 | D:5      | Paralysed by Ijyb for 2 turns
  4093 | D:5      | Paralysed by Ijyb for 4 turns
  4099 | D:5      | Killed Ijyb
  4518 | D:5      | Reached skill level 5 in Fighting
  4518 | D:5      | Reached skill level 5 in Shapeshifting
  4575 | D:5      | Reached skill level 5 in Dodging
  4997 | D:6      | Identified a scroll of acquirement
  4997 | D:6      | Acquired the +0 pair of boots of Nihilism {Regen+ Int-3
                  | Dex+2}
  5459 | D:6      | Found a hide-covered altar of Uskayaw.
  5505 | D:6      | Found a sacrificial altar of Ru.
  6631 | D:6      | Reached XP level 9. HP: 69/69 MP: 9/9
  6758 | D:7      | Reached skill level 6 in Fighting
  6779 | D:7      | Identified the +2 sling of Moessoell {flame, rCorr Int-2
                  | Dex+2}
  7142 | D:7      | Found a shimmering altar of Xom.
  7166 | D:7      | Identified the +2 hand axe "Sumyri" {spect, rPois}
  7196 | D:7      | Found a staircase to the Ecumenical Temple.
  7329 | D:7      | Found a shadowy altar of Dithmenos.
  7522 | D:8      | Noticed a gargoyle
  7532 | D:8      | Killed a gargoyle
  7533 | D:8      | Noticed a deep elf pyromancer
  7541 | D:7      | Killed a deep elf pyromancer
  7542 | D:7      | Reached skill level 7 in Fighting
  7759 | D:8      | Gained mutation: You are surrounded by a moderate repulsion
                  | field. (EV +3) [demonic ancestry]
  7759 | D:8      | Reached XP level 10. HP: 65/79 MP: 11/11
  7762 | D:8      | Noticed a gargoyle
  7766 | D:8      | Killed a gargoyle
  8237 | D:8      | Noticed a two-headed ogre
  8245 | D:8      | Killed a two-headed ogre
  8286 | D:8      | Noticed a brown ugly thing
  8295 | D:8      | Killed a brown ugly thing
  8486 | D:8      | Reached skill level 8 in Fighting
  8590 | D:8      | Found an opulent altar of Gozag.
  8605 | D:8      | Noticed Maggie
  8621 | D:8      | Killed Maggie
  8968 | Temple   | Entered the Ecumenical Temple
  8979 | Temple   | Became a worshipper of Makhleb the Destroyer
  9006 | D:8      | Noticed a manticore
  9021 | D:8      | Killed a manticore
  9084 | D:9      | Found a snail-covered altar of Cheibriados.
  9117 | D:9      | Found Toomuwoz's Book Boutique.
  9117 | D:9      | Noticed Amaemon
  9117 | D:9      | Noticed an orange demon
  9124 | D:9      | Killed Amaemon
  9125 | D:9      | Reached skill level 1 in Armour
  9135 | D:9      | Killed an orange demon
  9370 | D:9      | Reached XP level 11. HP: 73/87 MP: 12/12
  9541 | D:9      | Noticed Grum
  9546 | D:9      | Killed Grum
  9608 | D:9      | Noticed Pikel
  9616 | D:9      | Killed Pikel
  9969 | D:9      | Reached * piety under Makhleb
  9973 | D:9      | Found a blossoming altar of Fedhas.
 10194 | D:10     | Entered Level 10 of the Dungeon
 10208 | D:10     | Found an ancient bone altar of Kikubaaqudgha.
 10225 | D:10     | Found a staircase to the Lair.
 10493 | D:10     | Reached skill level 9 in Fighting
 10779 | D:10     | Found an iron altar of Okawaru.
 10782 | D:10     | Found a shimmering blue altar of Sif Muna.
 11134 | D:11     | Noticed Nergalle
 11144 | D:11     | Killed Nergalle
 11564 | D:11     | Identified the +5 short sword of the Wheel {speed, Fly
                  | rPois Str+2 Int+2}
 11606 | D:11     | Noticed a boulder beetle
 11622 | D:11     | Killed a boulder beetle
 11622 | D:11     | Reached ** piety under Makhleb
 11722 | D:11     | Found a staircase to the Orcish Mines.
 12578 | D:12     | Noticed a deep elf pyromancer
 12961 | D:12     | Killed a deep elf pyromancer
 12962 | D:12     | Gained mutation: You have claws for hands. [demonic
                  | ancestry]
 12962 | D:12     | Reached XP level 12. HP: 91/96 MP: 13/13
 13404 | D:12     | Found Pivafiemm's Assorted Antiques.
 13779 | Lair:1   | Entered Level 1 of the Lair of Beasts
 13819 | Lair:1   | Reached skill level 10 in Fighting
 13851 | Lair:1   | Reached skill level 1 in Throwing
 13863 | Lair:1   | Noticed Jeremiah
 13876 | Lair:1   | Killed Jeremiah
 14106 | Lair:1   | You fall into a shaft and drop 1 floor!
 14226 | Lair:2   | Noticed Fannar
 14239 | Lair:2   | Mangled by Fannar

Illustrated notes

Levels and vault maps discovered:
D:1:      scummos_arrival_gate, layout_loops_ring, serial_shops,
          nicolae_shop_tiny_waterfront
D:2:      layout_rooms, basic_altar, serial_curves, eino_curves_04,
          eino_curves_03, eino_curves_02, grunt_ministairs_3
D:3:      layout_loops_ring, minmay_bisected
D:4:      layout_rooms
D:5:      kennysheep_slugbush, layout_basic, chequers_jeans, uniq_ijyb
D:6:      layout_rooms, mainiacjoe_overflow_alcove_2,
          nicolae_ru_sacrificial_ziggurat, minivault_4
D:7:      minmay_general_purpose_star, layout_gridville, marbit_many_paths,
          lemuel_doored_altar, minmay_temple_entry_proselytizer
D:8:      minmay_diamond_stairs, layout_basic, nicolae_gozag_seed_capital,
          uniq_maggie
D:9:      layout_roguey, dreamdust_divine_triumvirate, kennysheep_slug_shrine,
          lemuel_crystal_altar, serial_shops, nicolae_shop_hallway_plus,
          uniq_amaemon, uniq_grum, uniq_pikel
D:10:     layout_gridville, minitemple, hellmonk_lair_entry_icy
D:11:     layout_long_grid, orc_0_dummy, uniq_nergalle
D:12:     layout_rooms, serial_shops, nicolae_shop_peninsula,
          nrook_guardian_serpent_double
D:13:     layout_stronghold, grunt_vaults_entry_fortified, serial_shops,
          nicolae_shop_waterfront
Temple:   compressed_dpeg_triangle_lava_temple
Lair:1:   layout_regular_city, uniq_jeremiah
Lair:2:   layout_regular_city, uniq_fannar

Skill      XL: |  1  2  3  4  5  6  7  8  9 10 11 12 |
---------------+-------------------------------------+-----
Dodging        | 2 3 4 5 6 7 8 9 |  9.4
Unarmed Combat | 3 4 5 6 7 8 9 |  9.7
Shapeshifting  | 3 4 5 6 7 9 |  9.9
Fighting       | 2 3 4 5 7 8 9 10 | 10.1
Armour         | 1 3 |  3.1
Throwing       | 2 |  2.0

Action                     |  1- 3 |  4- 6 |  7- 9 | 10-12 || total
---------------------------+-------+-------+-------+-------++-------
  Melee: Unarmed           |   128 |   108 |   303 |   349 ||   888
         Punch             |     3 |       |    10 |    23 ||    36
         Kick              |       |    20 |    91 |   130 ||   241
   Fire: Sling             |       |       |    32 |   131 ||   163
  Throw: Throwing net      |       |     1 |       |       ||     1
         Boomerang         |       |       |    22 |    37 ||    59
  Evoke: Wand              |       |       |     7 |       ||     7
    Use: Potion            |     1 |     3 |       |     8 ||    12
         Scroll            |       |       |    12 |     7 ||    19
   Stab: Sleeping          |     1 |       |     1 |       ||     2
         Held in net/web   |       |     1 |       |       ||     1
         Distracted        |       |       |     1 |       ||     1
 Armour: Animal skin       |    72 |     3 |       |       ||    75
         Skin              |       |    13 |       |    27 ||    40
         Leather armour    |       |    22 |       |       ||    22
         Robe              |       |    10 |   117 |       ||   127
         Ring mail         |       |       |    65 |     1 ||    66
         Steam dragon scal |       |       |       |    28 ||    28
         Acid dragon scale |       |       |       |   168 ||   168
  Dodge: Dodged            |   112 |    63 |   251 |   291 ||   717
  Block: Other             |       |       |       |     3 ||     3

Table legend: (Time is in decaauts)
 A = Elapsed time spent in this place.
 B = Non-inter-level travel time spent in this place.
 C = Inter-level travel time spent in this place.
 D = Time resting spent in this place.
 E = Time spent auto-exploring this place.
 F = Levels seen in this place.
 G = Mean time per level.
                   A        B        C        D        E       F      G
               +--------+--------+--------+--------+--------+-----+--------+
         Total |  14250 |  13200 |   1050 |   1323 |   9553 |  16 |  890.6 |
       Dungeon |  13763 |  12734 |   1029 |   1323 |   9193 |  13 | 1058.7 |
        Temple |     22 |      2 |     20 |      0 |      0 |   1 |   22.0 |
          Lair |    463 |    463 |      0 |      0 |    360 |   2 |  231.5 |
               +--------+--------+--------+--------+--------+-----+--------+

Top non-repeatable levels by time:
     D:5: 1695 daAuts
     D:6: 1620 daAuts
     D:8: 1384 daAuts
    D:11: 1356 daAuts
     D:7: 1151 daAuts
     D:9: 1119 daAuts
     D:3: 1111 daAuts
    D:10: 935 daAuts
     D:1: 933 daAuts
    D:12: 892 daAuts
     D:2: 772 daAuts
     D:4: 680 daAuts
  Lair:1: 329 daAuts
  Lair:2: 133 daAuts
    D:13: 110 daAuts
